 Dungeon Crawl Stone Soup version 0.29-a0-284-gf9362112df (webtiles) character file.

Game seed: 2500329740244959115

51 Patoropollo the Skirmisher (level 4, -1/35 HPs)
             Began as a Human Berserker on Mar 18, 2022.
             Was a Believer of Trog.
             Slain by a rat (3 damage)
             ... on level 2 of the Dungeon.
             The game lasted 00:03:07 (1361 turns).

Patoropollo the Skirmisher (Human Berserker)        Turns: 1361, Time: 00:03:08

Health: -1/35      AC: 11    Str: 19    XL:     4   Next: 5%
Magic:  4/4        EV:  8    Int:  7    God:    Trog [**....]
Gold:   3          SH:  0    Dex: 13    Spells: 3/3 levels left

rFire   . . .      SeeInvis .   a - +0 mace
rCold   . . .      Faith    .   (no shield)
rNeg    . . .      Spirit   .   h - +0 chain mail
rPois   .          Reflect  .   (no helmet)
rElec   .          Harm     .   i - +1 cloak
rCorr   .          Rampage  .   (no gloves)
Will    .....                   (no boots)
Stlth   ..........              (no amulet)
HPRegen 0.11/turn               (no ring)
MPRegen 0.09/turn               (no ring)

@: on berserk cooldown, slowed, very slow
A: no striking features
a: Renounce Religion, Berserk, Trog's Hand


You were on level 2 of the Dungeon.
You worshipped Trog.
Trog was pleased with you.
You visited 1 branch of the dungeon, and saw 2 of its levels.

You collected 3 gold pieces.

Inventory:

Hand Weapons
 a - a +0 mace (weapon)
Missiles
 d - a throwing net (quivered)
Armour
 h - a +0 chain mail (worn)
 i - a +1 cloak (worn)
Scrolls
 c - a scroll of summoning {unknown}
 g - a scroll of teleportation {unknown}
Potions
 b - a potion of heal wounds {unknown}
 e - 2 potions of mutation {unknown}
 f - a potion of brilliance {unknown}
 j - a potion of degeneration {unknown}


   Skills:
 + Level 3.4 Fighting
 + Level 3.4 Maces & Flails
 + Level 2.6 Armour
 + Level 2.6 Dodging


You had 3 spell levels left.
You didn't know any spells.
Your spell library was empty.

Dungeon Overview and Level Annotations

Branches:
Dungeon (2/15)

Altars:

Annotations:
D:2 Robin


Message History

A rat comes into view.
The goblin barely misses you. The goblin hits you with a +0 dagger.
* * * LOW HITPOINT WARNING * * *
You closely miss the goblin. You punch the goblin.
You kill the goblin!
Trog accepts your kill. The giant cockroach closely misses you.
The giant cockroach bites you but does no damage.
You are no longer berserk.
You are exhausted.
You feel yourself slow down.
The giant cockroach bites you but does no damage.
Robin barely misses you. The rat bites you but does no damage.
The giant cockroach bites you but does no damage.
You see here a +0 dagger.
The goblin no longer looks unusually strong.
The giant cockroach bites you but does no damage.
Robin closely misses you. The rat bites you but does no damage.
The giant cockroach barely misses you. Robin throws the goblin at you!
The goblin hits you but does no damage. The rat closely misses you.
You hit the goblin.
You kill the goblin!
Trog accepts your kill.
The giant cockroach bites you but does no damage.
The goblin hits you but does no damage. Robin hits you with a +0 club.
* * * LOW HITPOINT WARNING * * *
The hobgoblin hits you but does no damage.
The rat barely misses you.
The giant cockroach bites you but does no damage.
You barely miss the rat. The giant cockroach barely misses you.
Robin hits you but does no damage. The goblin barely misses you.
The rat bites you but does no damage.
The hobgoblin hits you but does no damage.
The rat twitches its whiskers.
The rat closely misses you.
The giant cockroach bites you but does no damage.
Robin hits you with a +0 club.
* * * LOW HITPOINT WARNING * * *
The rat bites you.
You die...

>.....## ....
#..#...##.... ...
#............ .#...
#..#........# ..... ###
#<.†........###..... #..
#.†.#.......>....... #.#
##...#.......<....... #.#
#...........rg....... #.#
#...........@r.......
#.###..........ggB.......
#.##...........)B.).####.
..###...###.........#
........# #.........#
....#.†.###......####
##......##.......#
.................#
......:....#######


You could see Robin, 2 giant cockroaches, a hobgoblin (strong), a goblin
(strong) and 2 rats.

Vanquished Creatures
  A worm (D:2)
  An endoplasm (D:1)
  3 giant cockroaches
  9 goblins
  7 hobgoblins
  2 kobolds (D:1)
  2 quokkas
  6 ball pythons
  4 bats
  4 frilled lizards (D:1)
  4 rats (D:1)
43 creatures vanquished.

Notes
Turn   | Place    | Note
-------+----------+-------------------------------------------
     0 | D:1      | Patoropollo the Human Berserker began the quest for the
                  | Orb.
     0 | D:1      | Reached XP level 1. HP: 18/18 MP: 1/1
   168 | D:1      | Reached XP level 2. HP: 15/24 MP: 2/2
   788 | D:1      | Reached XP level 3. HP: 27/29 MP: 3/3
  1171 | D:2      | Reached ** piety under Trog
  1337 | D:2      | Noticed Robin
  1355 | D:2      | Reached XP level 4. HP: 17/35 MP: 4/4
  1361 | D:2      | Slain by a rat

Illustrated notes

Levels and vault maps discovered:
D:1:      dpeg_arrival_round_b, layout_loops_cross, feat_on_display
D:2:      layout_rooms, basic_altar, shapermc_ecumenical_altar_mp_vishouse,
          minmay_worlds_worst_comb, uniq_robin

Action                   |  1- 3 |  4- 6 || total
-------------------------+-------+-------++-------
Melee: Mace              |   128 |     5 ||   133
       Punch             |       |     1 ||     1
Invok: Berserk           |     1 |       ||     1
Armor: Animal skin       |    11 |       ||    11
       Chain mail        |    73 |    23 ||    96
Dodge: Dodged            |    77 |    11 ||    88

Table legend: (Time is in decaauts)
 A = Elapsed time spent in this place.
 B = Non-inter-level travel time spent in this place.
 C = Inter-level travel time spent in this place.
 D = Time resting spent in this place.
 E = Time spent auto-exploring this place.
 F = Levels seen in this place.
 G = Mean time per level.
                   A        B        C        D        E       F      G
               +--------+--------+--------+--------+--------+-----+--------+
         Total |   1385 |   1371 |     14 |      0 |   1092 |   2 |  692.5 |
       Dungeon |   1385 |   1371 |     14 |      0 |   1092 |   2 |  692.5 |
               +--------+--------+--------+--------+--------+-----+--------+

Top non-repeatable levels by time:
     D:1: 1164 daAuts
     D:2: 221 daAuts
